[Event "DFMMLV 2024"]
[Site "Braunfels"]
[Date "2024.05.31"]
[Round "2.9"]
[White "Voicu-Jagodzinsky, Carmen"]
[Black "Korenova, Martina"]
[Result "1-0"]
[ECO "B08"]
[WhiteElo "2228"]
[BlackElo "2152"]
[Annotator "RC"]
[PlyCount "73"]
[EventDate "2024.05.30"]
[EventType "team-tourn"]
[EventCountry "GER"]
[SourceTitle "playchess.com"]
[Source "ChessBase"]
[SourceQuality "1"]
[TimeControl "40/5400+30:1800+30"]

1. e4 d6 2. d4 Nf6 3. Nc3 g6 4. Nf3 Bg7 5. h3 O-O 6. Be3 e5 7. Bd3 Nbd7 8. dxe5 dxe5 9. Qd2 Re8 10. O-O Nf8 11. Rfd1 c6 12. a4 Qc7 13. a5 Ne6 14. Ne2 Nxe4 15. Bxe4 f5 16. Ng5 fxe4 17. Ng3 Nd4 18. Qb4 Rf8 19. c3 h6 20. Qc4+ Kh8 21. cxd4 hxg5 22. Nxe4 g4 23. d5 Qf7 24. Nd6 Qf6 25. Nxc8 cxd5 26. Rxd5 Raxc8 27. Qxg4 Rc2 28. Rad1 Qf5 29. Qh4+ Kg8 30. b4 Bf6 31. Qg3 Rc4 32. Bxa7 Bh4 33. Qxe5 Bxf2+ 34. Bxf2 Qxf2+ 35. Kh1 Rxb4 36. Rd7 Rf7 37. Qe8+ 1-0

[Event "DFMMLV 2024"]
[Site "Braunfels"]
[Date "2024.05.31"]
[Round "2.10"]
[White "Peglau, Dora"]
[Black "Kulovana, Eva"]
[Result "1-0"]
[ECO "E05"]
[WhiteElo "2002"]
[BlackElo "2165"]
[Annotator "RC"]
[PlyCount "113"]
[EventDate "2024.05.30"]
[EventType "team-tourn"]
[EventCountry "GER"]
[SourceTitle "playchess.com"]
[Source "ChessBase"]
[SourceQuality "1"]
[TimeControl "40/5400+30:1800+30"]

1. d4 d5 2. Nf3 Nf6 3. g3 e6 4. Bg2 Be7 5. c4 O-O 6. O-O dxc4 7. Ne5 Nc6 8. Bxc6 bxc6 9. Nxc6 Qe8 10. Nxe7+ Qxe7 11. Qa4 e5 12. dxe5 Qxe5 13. Qxc4 Be6 14. Qd3 Rfe8 15. Nc3 Nd5 16. Nxd5 Bxd5 17. Bf4 Qh5 18. f3 Bc6 19. Rf2 Bb5 20. Qc2 Re7 21. Rd1 Rae8 22. e4 Bd7 23. Rd5 Qg6 24. Bxc7 Qa6 25. Qd3 Qc8 26. Bd6 Re6 27. Rc2 Qa8 28. Rc7 Bc6 29. Rc5 Bxe4 30. fxe4 Rxe4 31. Qd5 Re1+ 32. Kg2 R1e2+ 33. Kh3 Qxd5 34. Rxd5 Rxb2 35. Re5 Rd8 36. Rd7 Rc8 37. Ree7 Rf2 38. Bf4 Rf8 39. Rxa7 h6 40. a4 g5 41. Be3 Rf5 42. Rac7 Ra8 43. Re4 Rb8 44. Rc5 Rf1 45. Rec4 Kh7 46. Rc8 Rbb1 47. Rc1 Rfxc1 48. Rxc1 Rb2 49. Rf1 Kg6 50. Rf6+ Kg7 51. Rf2 Rb4 52. Ra2 Re4 53. Bf2 Re6 54. a5 Ra6 55. Bb6 h5 56. Rd2 Ra8 57. Rd8 1-0

[Event "DFMMLV 2024"]
[Site "Braunfels"]
[Date "2024.05.31"]
[Round "2.11"]
[White "Trunz, Michelle"]
[Black "Steinbacher, Claudia"]
[Result "1-0"]
[ECO "E14"]
[WhiteElo "2048"]
[BlackElo "2027"]
[Annotator "RC"]
[PlyCount "128"]
[EventDate "2024.05.30"]
[EventType "team-tourn"]
[EventCountry "GER"]
[SourceTitle "playchess.com"]
[Source "ChessBase"]
[SourceQuality "1"]
[TimeControl "40/5400+30:1800+30"]

1. d4 Nf6 2. c4 e6 3. Nf3 b6 4. e3 Bb7 5. Bd3 Be7 6. O-O O-O 7. b3 Ne4 8. Qc2 f5 9. Nbd2 Nxd2 10. Nxd2 Nc6 11. a3 Bf6 12. Bb2 Ne7 13. f3 g6 14. b4 Qe8 15. Nb3 d6 16. e4 Bg7 17. c5 bxc5 18. bxc5 d5 19. Rfe1 Qd7 20. Qe2 Rfe8 21. exf5 exf5 22. Bb5 c6 23. Bd3 Bc8 24. Bc1 Kf7 25. Bf4 a5 26. a4 Qb7 27. Rab1 Qb4 28. Be5 Bxe5 29. dxe5 Be6 30. Qf2 Qxa4 31. Nd4 f4 32. Rb6 Rab8 33. Reb1 Rxb6 34. cxb6 Qa3 35. Qd2 g5 36. b7 Rb8 37. Qc2 Rxb7 38. Rxb7 Qa1+ 39. Qb1 Qxd4+ 40. Kf1 Qxe5 41. Bxh7 Kf6 42. Qc2 Qe3 43. Rb3 Qa7 44. Qb2+ d4 45. Rb6 Qd7 46. Be4 Bc4+ 47. Kf2 Ke5 48. Qa3 Qd6 49. Qxa5+ Kf6 50. Rb4 Bb5 51. Rb2 Nd5 52. Rd2 Ne3 53. Qa7 Ke5 54. Qg7+ Qf6 55. Qxf6+ Kxf6 56. Rxd4 Ke5 57. Rd8 c5 58. g3 c4 59. gxf4+ gxf4 60. h4 c3 61. h5 Bc6 62. Bd3 Nf5 63. Rc8 Ne7 64. h6 Kd5 1-0

[Event "DFMMLV 2024"]
[Site "Braunfels"]
[Date "2024.05.31"]
[Round "2.12"]
[White "Peglau, Mirjam"]
[Black "Hess, Olena"]
[Result "1-0"]
[ECO "C00"]
[WhiteElo "1948"]
[BlackElo "2041"]
[Annotator "NA RC"]
[PlyCount "51"]
[EventDate "2024.05.30"]
[EventType "team-tourn"]
[EventCountry "GER"]
[SourceTitle "playchess.com"]
[Source "ChessBase"]
[SourceQuality "1"]
[TimeControl "40/5400+30:1800+30"]

1. e4 e6 2. Qe2 c5 3. f4 Qc7 4. d3 b6 5. Nf3 Bb7 6. g3 Nc6 7. c3 O-O-O 8. Bg2 Nf6 9. O-O h5 10. a4 Ng4 ({Black should play} 10... d5 $14) 11. Na3 Be7 12. Bd2 h4 13. h3 Nh6 14. gxh4 Rdg8 {[%emt 0:08:15] [#]} 15. a5 $1 Nxa5 16. Nb5 Qb8 17. Nxa7+ Qxa7 18. b4 $16 f5 19. bxa5 fxe4 20. axb6 Qxb6 21. dxe4 Nf7 22. Rfb1 Qc6 23. e5 Qe4 24. Qb5 Qc6 25. Ra8+ Kc7 26. Qa5+ 1-0

[Event "DFMMLV 2024"]
[Site "Braunfels"]
[Date "2024.05.31"]
[Round "2.13"]
[White "Trunz, Elena"]
[Black "Just, Anita"]
[Result "0-1"]
[ECO "A85"]
[WhiteElo "2107"]
[BlackElo "1884"]
[Annotator "RC"]
[PlyCount "98"]
[EventDate "2024.05.30"]
[EventType "team-tourn"]
[EventCountry "GER"]
[SourceTitle "playchess.com"]
[Source "ChessBase"]
[SourceQuality "1"]
[TimeControl "40/5400+30:1800+30"]

1. c4 e6 2. d4 d5 3. Nc3 f5 4. e3 Nf6 5. Nf3 c6 6. c5 b6 7. b4 a5 8. bxa5 bxc5 9. dxc5 Bxc5 10. Bd2 Bb4 11. Bd3 O-O 12. O-O c5 13. Qc2 Nc6 14. Bb5 Na7 15. Be2 Bxa5 16. Rfb1 Nc6 17. a3 Ne4 18. Be1 Qf6 19. Nb5 Bxe1 20. Nxe1 c4 21. Nf3 f4 22. Bxc4 fxe3 23. fxe3 Ng5 24. Be2 Nxf3+ 25. Bxf3 Ne5 26. Rf1 Nxf3+ 27. gxf3 Qg5+ 28. Kh1 Qxe3 29. Rae1 Qh6 30. Qc6 Ra6 31. Qc3 Bd7 32. Nd4 Qf6 33. Qc5 Rc8 34. Qb4 Rca8 35. Nc2 Be8 36. Ra1 Bh5 37. f4 Bg6 38. Ne3 Ra4 39. Qd6 Be4+ 40. Kg1 R4a6 41. Qb4 Qg6+ 42. Kf2 Qh5 43. Kg1 e5 44. f5 Qg5+ 45. Kf2 d4 46. Qb3+ Kh8 47. Nd1 Qd2+ 48. Kg3 Qg2+ 49. Kh4 Qg4+ 0-1

[Event "DFMMLV 2024"]
[Site "Braunfels"]
[Date "2024.05.31"]
[Round "2.14"]
[White "Kosovska, Olena"]
[Black "Freitag, Julia"]
[Result "1-0"]
[ECO "B42"]
[WhiteElo "1935"]
[BlackElo "2084"]
[Annotator "NA RC"]
[PlyCount "79"]
[EventDate "2024.05.30"]
[EventType "team-tourn"]
[EventCountry "GER"]
[SourceTitle "playchess.com"]
[Source "ChessBase"]
[SourceQuality "1"]
[TimeControl "40/5400+30:1800+30"]

1. e4 c5 2. Nf3 e6 3. d4 cxd4 4. Nxd4 a6 5. c4 Qc7 6. Nc3 Nf6 7. Bd3 Nc6 8. Nxc6 bxc6 (8... dxc6 $11 {is superior.} 9. Be3 Bd6) 9. O-O Be7 10. Re1 e5 11. Be3 O-O 12. f3 Bb7 13. Qc2 d6 14. Rac1 Rac8 15. Red1 Rfd8 16. Na4 Nd7 $16 17. Qf2 Qb8 18. Ba7 Qa8 19. Bb6 Re8 20. Be3 Rcd8 21. Qe2 f6 22. Kh1 Kh8 23. Bd2 Rc8 24. b3 a5 25. Qe1 Bd8 26. Be3 Be7 27. Bb1 Qa6 28. Bd3 Qa8 29. c5 d5 30. exd5 cxd5 31. Bf5 d4 32. Bxd7 Bxf3 33. gxf3 Qxf3+ 34. Kg1 dxe3 35. Qg3 Qe4 36. Bxc8 Rxc8 37. Rc4 e2 38. Rd8+ Rxd8 39. Rxe4 Rd1+ 40. Kf2 1-0

[Event "DFMMLV 2024"]
[Site "Braunfels"]
[Date "2024.05.31"]
[Round "2.16"]
[White "Peglau, Sarah"]
[Black "Schirmbeck, Lilian"]
[Result "0-1"]
[ECO "A14"]
[WhiteElo "1851"]
[BlackElo "1791"]
[Annotator "NA RC"]
[PlyCount "100"]
[EventDate "2024.05.30"]
[EventType "team-tourn"]
[EventCountry "GER"]
[SourceTitle "playchess.com"]
[Source "ChessBase"]
[SourceQuality "1"]
[TimeControl "40/5400+30:1800+30"]

1. c4 e6 2. g3 d5 3. Bg2 Nf6 4. Nf3 Be7 5. O-O O-O 6. b3 c5 7. Bb2 d4 8. e3 Nc6 9. exd4 cxd4 10. Re1 Qb6 11. d3 Bd7 12. Nbd2 $11 (12. Na3 $1 $14) 12... Rad8 13. a3 a5 14. Rb1 Bc8 15. Qc2 Nd7 16. Bc1 e5 17. Ne4 f6 18. b4 axb4 19. axb4 Bxb4 20. Bd2 f5 21. Bxb4 Nxb4 22. Qb3 Nxd3 23. Qxd3 fxe4 24. Qxe4 Qf6 25. Re2 b6 26. Nxe5 Nxe5 27. Qxe5 Bf5 28. Qxf6 Rxf6 29. Rbe1 d3 30. Re8+ Rxe8 31. Rxe8+ Kf7 32. Rd8 Ke7 33. Rd4 Rd6 34. Bd5 Rd7 35. g4 Bg6 36. f4 b5 37. f5 Bf7 38. Rxd3 bxc4 39. Re3+ Kd6 40. Bxf7 Rxf7 41. Kg2 Kd5 42. Kf3 Rc7 43. Ke2 Kd4 44. Re8 Kc3 45. Kd1 Ra7 46. g5 Rf7 47. Re5 Kd4 48. Ra5 Ke4 49. Rc5 Rxf5 50. Rxc4+ Ke5 0-1

[Event "DFMMLV 2024"]
[Site "Braunfels"]
[Date "2024.05.31"]
[Round "2.17"]
[White "Rath, Alina"]
[Black "Jelica, Mara"]
[Result "1-0"]
[ECO "C54"]
[WhiteElo "2041"]
[BlackElo "2067"]
[Annotator "NA RC"]
[PlyCount "57"]
[EventDate "2024.05.30"]
[EventType "team-tourn"]
[EventCountry "GER"]
[SourceTitle "playchess.com"]
[Source "ChessBase"]
[SourceQuality "1"]
[TimeControl "40/5400+30:1800+30"]

1. e4 e5 2. Nf3 Nc6 3. Bc4 Nf6 4. d3 Bc5 5. c3 a5 6. a4 {[%emt 0:01:03] C54: Giuoco Piano: 4 c3 Nf6, main lines with 5 d4 and 5 d3.} d6 7. Bg5 {[%emt 0:01:11] Nowadays more popular than 7.0-0.} h6 8. Bh4 Ba7 9. Nbd2 g5 10. Bg3 O-O 11. Qe2 $146 ({Predecessor:} 11. O-O Nh7 12. h3 h5 13. Qc2 Qf6 14. Kh1 Kh8 15. Rae1 Qg7 16. Qb3 Rb8 17. Bd5 {0-1 Fedorov,A (2529)-Arjun,K (2477) Pune Maharashtra op 1st 2022 (11)}) 11... Ne7 12. h4 (12. d4 $142) 12... g4 13. Nh2 Ng6 14. h5 Nf4 (14... Nxh5 $2 {loses.} 15. Nxg4 Nxg3 16. Nxh6+ (16. fxg3 Bxg4 17. Qxg4 Qf6 $16) 16... Kg7 17. fxg3 $18) 15. Bxf4 exf4 16. O-O-O Qd7 17. d4 Re8 18. e5 Qf5 19. Rde1 d5 $2 (19... Nxh5 $2 {loses.} 20. Nxg4 Qxg4 21. Rxh5 Qxe2 22. Bxe2 (22. Rxe2 Bg4 $15) 22... dxe5 23. Bb5 $18 (23. Rxh6 $2 exd4 24. cxd4 Bxd4 $19)) (19... Kf8 $15 {stays ahead.}) 20. Bd3 Qg5 {[%emt 0:02:57] [#]} 21. Ndf3 $18 Qxh5 22. Qc2 Ne4 23. Bxe4 dxe4 24. Nd2 Bf5 25. Nxe4 Bxe4 26. Qxe4 Qg5 27. f3 h5 28. fxg4 hxg4 29. Ref1 1-0

[Event "DFMMLV 2024"]
[Site "Braunfels"]
[Date "2024.05.31"]
[Round "2.18"]
[White "Hund, Sarah"]
[Black "Von Herman, Brigitte"]
[Result "1-0"]
[ECO "B01"]
[WhiteElo "1991"]
[BlackElo "1922"]
[Annotator "RC"]
[PlyCount "113"]
[EventDate "2024.05.30"]
[EventType "team-tourn"]
[EventCountry "GER"]
[SourceTitle "playchess.com"]
[Source "ChessBase"]
[SourceQuality "1"]
[TimeControl "40/5400+30:1800+30"]

1. e4 d5 2. exd5 Qxd5 3. Nc3 Qd6 4. g3 Nf6 5. Bg2 c6 6. d4 Bg4 7. Nge2 e6 8. O-O Qc7 9. Bf4 Qa5 10. h3 Bh5 11. a3 Be7 12. Qd2 Bxe2 13. Qxe2 Qa6 14. Rfe1 Qxe2 15. Rxe2 Kd7 16. Rae1 Bd6 17. Bg5 h6 18. Bxf6 gxf6 19. b4 a6 20. Ne4 Be7 21. c4 Kc7 22. d5 e5 23. Nc3 a5 24. c5 axb4 25. d6+ Kd7 26. axb4 Bf8 27. Be4 Ra3 28. Bf5+ Kd8 29. Ra2 Rxa2 30. Nxa2 Na6 31. Ra1 Rg8 32. h4 h5 33. Nc3 Rg7 34. Ne4 Rg8 35. Nxf6 Rh8 36. Bd3 Bg7 37. Bxa6 Bxf6 38. Bxb7 Kd7 39. Ra6 Rb8 40. Bxc6+ Ke6 41. b5 e4 42. Ra4 e3 43. fxe3 Be5 44. Kf2 f5 45. Ra7 Rg8 46. Re7+ Kf6 47. Rxe5 Kxe5 48. b6 Ke6 49. Bf3 Rc8 50. b7 Rb8 51. Ke2 Kd7 52. Kd3 Re8 53. Kd4 Ke6 54. Bxh5 Rb8 55. Bf3 Rd8 56. Kc4 Ke5 57. Kb5 1-0

[Event "DFMMLV 2024"]
[Site "Braunfels"]
[Date "2024.05.31"]
[Round "2.19"]
[White "Skogvall, Martina"]
[Black "Novikova, Margarita"]
[Result "1-0"]
[ECO "A05"]
[WhiteElo "1952"]
[BlackElo "1999"]
[Annotator "RC"]
[PlyCount "87"]
[EventDate "2024.05.30"]
[EventType "team-tourn"]
[EventCountry "GER"]
[SourceTitle "playchess.com"]
[Source "ChessBase"]
[SourceQuality "1"]
[TimeControl "40/5400+30:1800+30"]

1. e4 c5 2. Nf3 d6 3. d3 Nc6 4. g3 g6 5. Bg2 Bg7 6. c3 e5 7. O-O Nf6 8. a4 O-O 9. Nbd2 h6 10. Nc4 Be6 11. Qc2 Qd7 12. b3 Rfd8 13. Ba3 Rac8 14. Rab1 Nh5 15. Qe2 b6 16. Rfd1 Bh3 17. Ne3 Nf6 18. Nc2 Bxg2 19. Kxg2 d5 20. b4 cxb4 21. cxb4 dxe4 22. dxe4 Qe8 23. b5 Na5 24. Nb4 Nd7 25. Nd5 Nc5 26. Bxc5 Rxc5 27. Nd2 f5 28. Nb3 Nxb3 29. Rxb3 fxe4 30. Qxe4 Rdc8 31. Ne3 Kh7 32. Rbd3 R5c7 33. h4 h5 34. g4 hxg4 35. Qxg4 e4 36. Rd5 Rc5 37. h5 gxh5 38. Rh1 Kg8 39. Rhxh5 Qf7 40. Rhf5 Qe8 41. Rfe5 Qf8 42. Nf5 R8c7 43. Rxc5 bxc5 44. Qg6 1-0

[Event "DFMMLV 2024"]
[Site "Braunfels"]
[Date "2024.05.31"]
[Round "2.20"]
[White "Timofeeva, Galina"]
[Black "Fock, Amina"]
[Result "1/2-1/2"]
[ECO "B07"]
[WhiteElo "1981"]
[BlackElo "1932"]
[Annotator "RC"]
[PlyCount "133"]
[EventDate "2024.05.30"]
[EventType "team-tourn"]
[EventCountry "GER"]
[SourceTitle "playchess.com"]
[Source "ChessBase"]
[SourceQuality "1"]
[TimeControl "40/5400+30:1800+30"]

1. d4 d6 2. e4 Nf6 3. Nc3 e5 4. dxe5 dxe5 5. Qxd8+ Kxd8 6. f3 Be6 7. Bg5 Kc8 8. O-O-O Nbd7 9. Nge2 Bc5 10. Kb1 h6 11. Bd2 Re8 12. Nc1 c6 13. Nb3 Bf8 14. Be3 Kc7 15. Be2 b5 16. Bd3 a5 17. h3 a4 18. Nd2 Bc5 19. Nf1 Bxe3 20. Nxe3 g6 21. Ng4 Ng8 22. Ne2 h5 23. Ne3 Nc5 24. g4 Nf6 25. g5 Nfd7 26. f4 exf4 27. Nxf4 Ne5 28. Nxe6+ Rxe6 29. Rhf1 Re7 30. Ng2 Ne6 31. h4 Nc5 32. Nf4 Ng4 33. Rde1 Rae8 34. Ng2 Rd7 35. Nf4 Ree7 36. a3 Rd4 37. Ne2 Rd8 38. Nf4 Ne5 39. Re3 Rb8 40. Rfe1 b4 41. axb4 Rxb4 42. Ka2 Nc4 43. Bxc4 Rxc4 44. Nd3 Rxc2 45. Nxc5 Rxc5 46. Rc3 Rxc3 47. bxc3 Kd6 48. Ka3 Ra7 49. Rd1+ Ke5 50. Rd4 Ra6 51. Rd7 Ke6 52. Rd4 f6 53. gxf6 Kxf6 54. Rd6+ Kf7 55. c4 Ra5 56. Rxc6 Re5 57. Kxa4 Rxe4 58. Kb5 Rxh4 59. Rd6 Rh1 60. c5 h4 61. c6 Rc1 62. Rd7+ Kf6 63. Rh7 g5 64. c7 Kf5 65. Kb6 Kg4 66. Rh6 Rb1+ 67. Ka7 1/2-1/2

[Event "DFMMLV 2024"]
[Site "Braunfels"]
[Date "2024.05.31"]
[Round "2.21"]
[White "Guder, Sibylle"]
[Black "Valkova, Angelika"]
[Result "0-1"]
[ECO "A13"]
[WhiteElo "1933"]
[BlackElo "2004"]
[Annotator "RC"]
[PlyCount "118"]
[EventDate "2024.05.30"]
[EventType "team-tourn"]
[EventCountry "GER"]
[SourceTitle "playchess.com"]
[Source "ChessBase"]
[SourceQuality "1"]
[TimeControl "40/5400+30:1800+30"]

1. c4 e6 2. Nc3 d5 3. e3 Nf6 4. Nf3 c5 5. cxd5 Nxd5 6. Nxd5 Qxd5 7. b3 Be7 8. Bb2 O-O 9. Be2 Nc6 10. O-O b6 11. Bc4 Qd6 12. Qe2 e5 13. d4 e4 14. Ne5 Nxe5 15. dxe5 Qc6 16. Rad1 Be6 17. Bb5 Qb7 18. Ba6 Qc6 19. Bb5 Qc7 20. Rd2 Rfd8 21. Rfd1 h6 22. h3 Rxd2 23. Rxd2 Rd8 24. Qd1 Kf8 25. Rxd8+ Qxd8 26. Qxd8+ Bxd8 27. Bc6 c4 28. b4 c3 29. Bxc3 Bxa2 30. Bxe4 Bc4 31. g3 a5 32. Bc6 axb4 33. Bxb4+ Be7 34. Bc3 Ba3 35. Be4 b5 36. Bb1 b4 37. Bd4 b3 38. f4 Be2 39. Be4 Bd1 40. Bd5 Bc2 41. Bf3 b2 42. Bxb2 Bxb2 43. g4 g5 44. Kg2 Bc1 45. f5 Bxe3 46. e6 fxe6 47. fxe6 Bb3 48. h4 Bxe6 49. hxg5 hxg5 50. Kg3 Ke7 51. Be2 Bd5 52. Bd3 Ke6 53. Be2 Ke5 54. Bd3 Bd2 55. Bb5 Be1+ 56. Kh3 Kf4 57. Bd7 Bc4 58. Kg2 Be2 59. Kh3 Bg3 0-1

[Event "DFMMLV 2024"]
[Site "Braunfels"]
[Date "2024.05.31"]
[Round "2.22"]
[White "Gheng, Simona"]
[Black "Mazurtsova, Margarita"]
[Result "1-0"]
[ECO "C10"]
[WhiteElo "1982"]
[BlackElo "1779"]
[Annotator "NA RC"]
[PlyCount "93"]
[EventDate "2024.05.30"]
[EventType "team-tourn"]
[EventCountry "GER"]
[SourceTitle "playchess.com"]
[Source "ChessBase"]
[SourceQuality "1"]
[TimeControl "40/5400+30:1800+30"]

1. e4 e6 2. d4 d5 3. Nd2 dxe4 4. Nxe4 Nd7 5. c3 Ngf6 6. Bd3 {[%emt 0:02:17] C10: French with 3 Nc3: Unusual Black 3rd moves and 3...dxe4.} Nxe4 7. Bxe4 Nf6 8. Bc2 c5 9. Nf3 Be7 10. O-O h6 11. Qe2 O-O 12. Be3 cxd4 13. Bxd4 Bd7 14. Rad1 Qc8 15. Ne5 Bc6 16. Rfe1 Rd8 17. Ng4 Nxg4 18. Qxg4 Bf8 19. Re3 Rd5 20. h4 h5 21. Qh3 $11 (21. Qg3 $16) 21... Bc5 22. Bxc5 Rxc5 23. Bb3 Bd7 24. Red3 Bb5 25. Rd6 Rf5 26. Qe3 Rf6 27. Qg5 Bc6 28. Qxh5 Qc7 29. Bc2 Rh6 30. Qe5 Qe7 31. g3 Re8 32. R6d4 Rf6 33. Be4 Bxe4 34. Qxe4 Qc5 35. Qxb7 e5 36. R4d2 e4 37. Qd5 Qb6 38. Qd7 Rfe6 39. Rd6 Qxb2 40. Rxe6 Rxe6 41. Qd8+ Kh7 42. Qg5 g6 43. Rd7 Kg7 44. h5 Qxc3 45. h6+ Kg8 46. Qd8+ Kh7 47. Rxf7+ 1-0

[Event "DFMMLV 2024"]
[Site "Braunfels"]
[Date "2024.05.31"]
[Round "2.23"]
[White "Bazzazi, Elnaz"]
[Black "Heil, Marina"]
[Result "1-0"]
[ECO "C41"]
[WhiteElo "1840"]
[BlackElo "1900"]
[Annotator "NA RC"]
[PlyCount "47"]
[EventDate "2024.05.30"]
[EventType "team-tourn"]
[EventCountry "GER"]
[SourceTitle "playchess.com"]
[Source "ChessBase"]
[SourceQuality "1"]
[TimeControl "40/5400+30:1800+30"]

1. e4 d6 2. d4 Nf6 3. Nc3 Nbd7 4. Nf3 e5 5. h3 Be7 6. Be3 c6 7. Qd2 Qc7 8. g4 a6 9. g5 Nh5 10. Be2 g6 11. Nh2 Ng7 12. Ng4 f5 13. gxf6 Nxf6 14. Nh6 Ne6 15. d5 Nc5 (15... cxd5 $11 16. exd5 Nc5) 16. Bxc5 dxc5 $14 17. O-O-O b5 18. d6 Qb8 19. dxe7 Kxe7 20. Qe3 Nd7 21. Bg4 Kf8 22. Bxd7 Bxd7 23. Qg5 Kg7 24. Ng4 1-0

[Event "DFMMLV 2024"]
[Site "Braunfels"]
[Date "2024.05.31"]
[Round "2.25"]
[White "Miljkovic, Jovana"]
[Black "Rieseler, Caroline"]
[Result "1-0"]
[ECO "A16"]
[WhiteElo "2026"]
[BlackElo "2075"]
[Annotator "RC"]
[PlyCount "153"]
[EventDate "2024.05.30"]
[EventType "team-tourn"]
[EventCountry "GER"]
[SourceTitle "playchess.com"]
[Source "ChessBase"]
[SourceQuality "1"]
[TimeControl "40/5400+30:1800+30"]

1. Nf3 Nf6 2. c4 g6 3. Nc3 Bg7 4. e4 e5 5. Nxe5 O-O 6. Nf3 Re8 7. d3 d5 8. cxd5 Nxd5 9. Nxd5 Qxd5 10. Be2 Qd6 11. O-O c5 12. Qb3 Nc6 13. h3 h6 14. Bd2 Be6 15. Qc2 a5 16. Bc3 Nd4 17. Bxd4 Bxd4 18. Nxd4 Qxd4 19. Qc3 Rad8 20. Rfc1 b6 21. a3 a4 22. Bd1 Re7 23. Qxd4 Rxd4 24. Rc3 Red7 25. Bc2 g5 26. f3 Kg7 27. Rc1 Kf6 28. Kf2 Ke5 29. Ke3 f5 30. exf5 Bxf5 31. Re1 Kf6 32. b3 Re7+ 33. Kf2 Rxe1 34. Kxe1 axb3 35. Rxb3 Rd6 36. Rc3 h5 37. Kf2 h4 38. Ke3 Re6+ 39. Kd2 Ke5 40. Rc4 Rd6 41. Ke3 Rd4 42. Rc3 Kd6 43. Bb3 Bg6 44. Bc4 Be8 45. Rb3 Kc7 46. Rb2 Bg6 47. Re2 Kd6 48. Kd2 Bxd3 49. Bxd3 c4 50. Re3 cxd3 51. Rxd3 Ke5 52. Ke3 Ra4 53. Rb3 Ra6 54. Kf2 Kf4 55. Rb4+ Kf5 56. a4 Kg6 57. g3 hxg3+ 58. Kxg3 Kh5 59. h4 gxh4+ 60. Rxh4+ Kg5 61. Rb4 Kf5 62. f4 Kg6 63. Kg4 Kf6 64. f5 Kf7 65. Kg5 Kg7 66. Rc4 Kf7 67. Rc7+ Kf8 68. Kg6 Rxa4 69. Rc8+ Ke7 70. f6+ Kd7 71. f7 Rf4 72. f8=Q Rxf8 73. Rxf8 Kc6 74. Rf5 b5 75. Re5 Kb6 76. Kf5 Ka5 77. Ke4 1-0

[Event "DFMMLV 2024"]
[Site "Braunfels"]
[Date "2024.05.31"]
[Round "2.26"]
[White "Ries, Jutta"]
[Black "Rieping, Lea"]
[Result "1/2-1/2"]
[ECO "A03"]
[WhiteElo "2025"]
[BlackElo "1966"]
[Annotator "NA RC"]
[PlyCount "52"]
[EventDate "2024.05.30"]
[EventType "team-tourn"]
[EventCountry "GER"]
[SourceTitle "playchess.com"]
[Source "ChessBase"]
[SourceQuality "1"]
[TimeControl "40/5400+30:1800+30"]

1. f4 d5 2. Nf3 Nf6 3. b3 e6 4. Bb2 Bd6 5. e3 c5 6. Bb5+ Bd7 7. Qe2 Bxb5 8. Qxb5+ Qd7 9. Nc3 a6 10. Qe2 Nc6 11. O-O O-O-O 12. Na4 Qc7 13. Be5 Bxe5 14. fxe5 Nxe5 15. Nxe5 Qxe5 $14 16. Nxc5 d4 17. Qc4 Qd5 18. Qxd5 Rxd5 19. exd4 Rxd4 20. d3 Nd7 21. Ne4 f6 22. Rae1 e5 23. Re3 Nb6 24. Rg3 Rd7 25. Rf2 Nd5 26. a3 b6 1/2-1/2

[Event "DFMMLV 2024"]
[Site "Braunfels"]
[Date "2024.05.31"]
[Round "2.27"]
[White "Kramer, Helga"]
[Black "Reinecke, Katharina"]
[Result "1/2-1/2"]
[ECO "A37"]
[WhiteElo "2092"]
[BlackElo "1949"]
[Annotator "NA RC"]
[PlyCount "50"]
[EventDate "2024.05.30"]
[EventType "team-tourn"]
[EventCountry "GER"]
[SourceTitle "playchess.com"]
[Source "ChessBase"]
[SourceQuality "1"]
[TimeControl "40/5400+30:1800+30"]

1. c4 c5 2. Nc3 Nc6 3. g3 g6 4. Bg2 Bg7 5. Nf3 e5 6. d3 Nge7 7. O-O O-O 8. Ne1 Rb8 9. Qa4 d6 10. Nc2 a5 11. Ne3 Bd7 12. Qd1 Nd4 13. a4 f5 14. Ned5 Nxd5 15. Nxd5 Bc6 16. e3 Ne6 17. Bd2 $11 Kh8 18. Bc3 b6 19. b3 Nc7 20. Nxc7 Qxc7 21. f4 Bxg2 22. Kxg2 exf4 23. Bxg7+ Qxg7 24. exf4 Rfe8 25. Qd2 Re6 1/2-1/2

[Event "DFMMLV 2024"]
[Site "Braunfels"]
[Date "2024.05.31"]
[Round "2.29"]
[White "Aden, Dagmar"]
[Black "Werner, Rosalie"]
[Result "0-1"]
[ECO "C01"]
[WhiteElo "1875"]
[BlackElo "1937"]
[Annotator "RC"]
[PlyCount "114"]
[EventDate "2024.05.30"]
[EventType "team-tourn"]
[EventCountry "GER"]
[SourceTitle "playchess.com"]
[Source "ChessBase"]
[SourceQuality "1"]
[TimeControl "40/5400+30:1800+30"]

1. e4 e6 2. d4 d5 3. exd5 exd5 4. c4 Nf6 5. Nf3 Be7 6. Bd3 dxc4 7. Bxc4 O-O 8. O-O Bg4 9. Be3 Nbd7 10. Nc3 Nb6 11. Bb3 c6 12. Re1 Nfd5 13. h3 Bh5 14. g4 Bg6 15. Ne5 Qd6 16. Nxg6 hxg6 17. Ne4 Qc7 18. Qf3 a5 19. Bxd5 Nxd5 20. Nc3 Rad8 21. Nxd5 Rxd5 22. Rac1 Rfd8 23. Qe4 Qd7 24. Bf4 Bb4 25. Red1 Rxd4 26. Rxd4 Qxd4 27. Qxd4 Rxd4 28. Be3 Rd5 29. a3 Bd2 30. Rc2 Bxe3 31. fxe3 Kf8 32. h4 Ke7 33. Kf2 Ke6 34. Kf3 Ke5 35. Rh2 Rb5 36. Rd2 Rd5 37. Rc2 Rd6 38. Rc5+ Rd5 39. Rc2 Kd6 40. Kf4 b5 41. e4 Rd4 42. Ke3 c5 43. Rf2 f6 44. Kf4 Ke6 45. Kf3 Ke5 46. Re2 c4 47. h5 g5 48. Rh2 Rd3+ 49. Ke2 Kxe4 50. h6 gxh6 51. Rxh6 Rd6 52. Rh8 Kf4 53. Rb8 Rd5 54. Rb6 Kxg4 55. Rxf6 Re5+ 56. Kd2 Kg3 57. Kc3 Rd5 0-1

[Event "DFMMLV 2024"]
[Site "Braunfels"]
[Date "2024.05.31"]
[Round "2.30"]
[White "Blaschke, Franziska"]
[Black "Hielscher, Ursula"]
[Result "1/2-1/2"]
[ECO "B01"]
[WhiteElo "1915"]
[BlackElo "1829"]
[Annotator "RC"]
[PlyCount "109"]
[EventDate "2024.05.30"]
[EventType "team-tourn"]
[EventCountry "GER"]
[SourceTitle "playchess.com"]
[Source "ChessBase"]
[SourceQuality "1"]
[TimeControl "40/5400+30:1800+30"]

1. e4 d5 2. exd5 Nf6 3. d4 Nxd5 4. c4 Nb6 5. Be2 Bf5 6. Nf3 e6 7. O-O Be7 8. Nc3 O-O 9. h3 h6 10. Bf4 N8d7 11. Rc1 Re8 12. Nb5 e5 13. Nxe5 a6 14. Nxd7 axb5 15. Nxb6 cxb6 16. a3 Bf6 17. Be3 bxc4 18. Bxc4 Qd7 19. Qd2 b5 20. Bb3 Re4 21. Bc2 Rh4 22. Bxf5 Qxf5 23. Rfd1 Rd8 24. Qb4 Qd7 25. Rd2 Re4 26. Rcd1 Rde8 27. Rd3 Be7 28. Qd2 Bd6 29. d5 b4 30. axb4 Bxb4 31. Qc2 Rc8 32. Qb3 Bd6 33. Rd4 Ree8 34. Rc4 Rxc4 35. Qxc4 Rc8 36. Qd3 Be5 37. Qb3 Qc7 38. Kf1 Qd7 39. Bd4 Bxd4 40. Rxd4 Rc1+ 41. Ke2 Qe8+ 42. Kf3 Qe5 43. Qd3 Qh5+ 44. Kg3 Qe5+ 45. f4 Qd6 46. Kf3 Rc5 47. g3 Qd7 48. g4 h5 49. d6 hxg4+ 50. hxg4 b6 51. Qe4 Rb5 52. b4 f5 53. gxf5 Rxf5 54. Rd2 Rh5 55. Qd4 1/2-1/2